 Dungeon Crawl Stone Soup version 0.29-a0-997-gf6f7e2dfe7 (webtiles) character file.

Game seed: 18241835379851025180

93 kae the Firebug (level 4, -2/25 HPs)
             Began as a Tengu Fire Elementalist on Aug 4, 2022.
             Slain by an adder (3 damage)
             ... on level 3 of the Dungeon.
             The game lasted 00:01:47 (3090 turns).

kae the Firebug (Tengu Fire Elementalist)           Turns: 3090, Time: 00:01:48

Health: -2/25      AC:  2    Str:  8    XL:     4   Next: 61%
Magic:  1/8        EV: 12    Int: 17    God:
Gold:   63         SH:  0    Dex: 15    Spells: 4/7 levels left

rFire   + . .      SeeInvis .   (no weapon)
rCold   + . .      Faith    .   (no shield)
rNeg    . . .      Spirit   .   a - +0 robe
rPois   .          Reflect  .   (helmet restricted)
rElec   .          Harm     .   j - scarf {rC+ rF+}
rCorr   .          Rampage  .   (no gloves)
Will    .....                   (boots unavailable)
Stlth   ++........              (no amulet)
HPRegen 0.08/turn               (no ring)
MPRegen 0.11/turn               (no ring)

@: no status effects
A: beak, talons 3
a: no special abilities


You were on level 3 of the Dungeon.
You visited 1 branch of the dungeon, and saw 3 of its levels.

You collected 63 gold pieces.


Innate Abilities, Weirdness & Mutations

You have a beak for a mouth.
You have claws for feet.


   Skills:
 + Level 1.3 Fighting
 - Level 2.1 Dodging
 - Level 2.0 Stealth
 + Level 2.4 Spellcasting
 * Level 3.4 Conjurations
 * Level 4.3 Fire Magic


You had 4 spell levels left.
You knew the following spells:

 Your Spells              Type           Power      Damage    Failure   Level
a - Foxfire               Conj/Fire      60%        2x1d7     3%          1
b - Scorch                Fire           32%        2d7       4%          2

Your spell library contained the following spells:

 Spells                   Type           Power      Damage    Failure   Level
 Conjure Flame            Conj/Fire      15%        6-21      11%         3
 Inner Flame              Hex/Fire       9%         N/A       22%         3
 Flame Wave               Conj/Fire      15%        2d7       36%         4

Inventory:

Missiles
 h - 9 stones
Armour
 a - a +0 robe (worn)
 j - a scarf of resistance (worn)
   (You found it on level 2 of the Dungeon)
Jewellery
 N - a ring of positive energy
   (You found it on level 3 of the Dungeon)
Potions
 b - 2 potions of magic
 c - a potion of curing {@q1}
 f - a potion of attraction {!q}

Dungeon Overview and Level Annotations

Branches:
Dungeon (3/15) Zot: 14908

Altars:

#...# #.[.# #...#
###...# #.....#
#.....# #.....#
#.....# #....@# ..
#####S## .. #.^.).#
#. ## #.....# #.##...
#.....# #..#[..
#.....# ..'...
#.....##########.#...
#....................
#....############....


You could see an adder.


Message History

A kobold is nearby! 😕 HP[-1] MP[+2]
You take 1 damage, and now have 20/25 hp.
You regained 2 mp, and now have 4/8 mp.
A frilled lizard comes into view.
An adder comes into view.
The frilled lizard moves out of view.
The adder hisses angrily.
The kobold shouts!
You hear an angry hiss. 😕 MP[+1]
The adder attacks as you move away! The adder bites you. 😕 HP[-1]
You take 1 damage, and now have 19/25 hp.
The adder attacks as you move away! The adder barely misses you.
The adder bites you.
You are poisoned.
The adder poisons you! 😮 HP[-2]
You take 2 damage, and now have 17/25 hp.
You feel sick. 😮 HP[-1]
You take 1 damage, and now have 16/25 hp.
The adder attacks as you move away! The adder bites you.
You feel sick. 😮 HP[-3]
You take 3 damage, and now have 13/25 hp.
Casting: Scorch (safe; 4% risk of failure)
Confirm with . or Enter, or press ? or * to list all spells.
Flames lash the kobold.
The kobold's fire resistance burns away.
You feel sick. The adder bites you.
* * * LOW HITPOINT WARNING * * *
You feel sick.
The adder barely misses you. x2 😨 HP[-6] MP[-1]
You take 6 damage, and now have 7/25 hp.
MASSIVE DAMAGE!! (PAUSE)
You lost 1 mp, and now have 4/8 mp.
Casting: Scorch (safe; 4% risk of failure)
Confirm with . or Enter, or press ? or * to list all spells.
Flames lash the adder.
The adder's fire resistance burns away.
You feel sick. The adder bites you.
* * * LOW HITPOINT WARNING * * *
You feel sick.
You are no longer poisoned.
The kobold is no longer more vulnerable to fire.
The adder bites you.
* * * LOW HITPOINT WARNING * * *
😱 HP[-6] MP[-2]
You take 6 damage, and now have 1/25 hp.
MASSIVE DAMAGE!! (PAUSE)
You lost 2 mp, and now have 2/8 mp.
You feel better. The adder bites you.
* * * LOW HITPOINT WARNING * * *
The adder bites you but does no damage. 😨 HP[+8]
You regained 8 hp, and now have 9/25 hp.
The adder is no longer more vulnerable to fire.
The adder barely misses you. The adder attacks as you move away!
The adder closely misses you.
There is an open door here. 😨 HP[+1]
The adder barely misses you. 😨 MP[+1]
Casting: Scorch (safe; 4% risk of failure)
Confirm with . or Enter, or press ? or * to list all spells.
Flames lash the kobold.
You kill the kobold!
The adder bites you.
* * * LOW HITPOINT WARNING * * *
You are poisoned.
The adder poisons you!
You feel sick. The adder bites you.
* * * LOW HITPOINT WARNING * * *
😱 HP[-5] MP[-2]
You take 5 damage, and now have 5/25 hp.
You lost 2 mp, and now have 1/8 mp.
Casting: Scorch (safe; 4% risk of failure)
Confirm with . or Enter, or press ? or * to list all spells.
You don't have enough magic to cast this spell.
Casting: Scorch (safe; 4% risk of failure)
Confirm with . or Enter, or press ? or * to list all spells.
You don't have enough magic to cast this spell.
You hit the adder but do no damage. You claw the adder.
* * * LOW HITPOINT WARNING * * *
You feel sick.
The adder bites you but does no damage. x2 😱 HP[-1]
You take 1 damage, and now have 4/25 hp.
You closely miss the adder. Your kick misses the adder.
* * * LOW HITPOINT WARNING * * *
You feel sick. The adder misses you. 😱 HP[-1]
You take 1 damage, and now have 3/25 hp.
You closely miss the adder. You claw the adder, but do no damage.
* * * LOW HITPOINT WARNING * * *
You feel sick. The adder closely misses you. 😱 HP[-1]
You take 1 damage, and now have 2/25 hp.
You hit the adder. Your kick misses the adder.
* * * LOW HITPOINT WARNING * * *
You feel sick.
You are no longer poisoned.
The adder barely misses you. The adder bites you.
You die...

Skill      XL: |  1  2  3 |
---------------+----------+-----
Conjurations   | 2 3 |  3.4
Fighting       | 1 |  1.3
Fire Magic     | 4 |  4.3
Dodging        | |  2.1
Stealth        | |  2.0
Spellcasting   | |  2.4

Action                   |  1- 3 |  4- 6 || total
-------------------------+-------+-------++-------
Melee: Unarmed           |    11 |     7 ||    18
       Kick              |     3 |     2 ||     5
       Peck              |     2 |     1 ||     3
 Cast: Foxfire           |    62 |     5 ||    67
       Scorch            |    18 |    11 ||    29
  Use: Scroll            |       |     5 ||     5
       Potion            |       |     1 ||     1
Armor: Robe              |       |     3 ||     3
Dodge: Dodged            |    16 |    11 ||    27

Levels and vault maps discovered:
D:1:      dpeg_arrival_central, layout_basic,
          hellmonk_ecumenical_altar_arch_garden
D:2:      minmay_door_path, layout_loops_cross
D:3:      layout_basic, general_overflow_altar, serial_shops,
          nicolae_shop_window_shopping, shop

Notes
Turn   | Place    | Note
-------+----------+-------------------------------------------
     0 | D:1      | kae the Tengu Fire Elementalist began the quest for the
                  | Orb.
     0 | D:1      | Reached XP level 1. HP: 10/10 MP: 4/4
     0 | D:1      | magus.rc [v1.11.3]
   477 | D:1      | Reached XP level 2. HP: 12/15 MP: 3/6
   596 | D:1      | Reached skill level 2 in Conjurations
   738 | D:1      | Found a faded altar of an unknown god.
  1197 | D:1      | Learned a level 2 spell: Scorch
  1242 | D:2      | HP: 1/16 [worm (9)]
  1582 | D:2      | Reached XP level 3. HP: 20/20 MP: 0/7
  1798 | D:2      | HP: 5/20 [worm (9)]
  2172 | D:2      | Reached skill level 1 in Fighting
  2487 | D:2      | Reached skill level 3 in Conjurations
  2487 | D:2      | Reached skill level 4 in Fire Magic
  2697 | D:2      | Reached XP level 4. HP: 25/25 MP: 4/8
  3075 | D:3      | HP: 6/25 [poisoned by an adder]
  3076 | D:3      | HP: 2/25 [poisoned by an adder]
  3086 | D:3      | HP: 6/25 [poisoned by an adder]
  3089 | D:3      | HP: 2/25 [poisoned by an adder]
  3090 | D:3      | Slain by an adder

Vanquished Creatures
  4 adders
  2 worms (D:2)
  A dart slug (D:1)
  3 orcs (D:3)
  6 endoplasms
  A giant cockroach (D:2)
  3 goblins
  6 hobgoblins
  4 jackals (D:1)
  2 quokkas
  A ball python (D:2)
  A bat (D:2)
  3 frilled lizards
  3 kobolds
  6 rats
46 creatures vanquished.

Vanquished Creatures (others)
  111 foxfires
111 creatures vanquished.

Grand Total: 157 creatures vanquished

Table legend:
 A = Non-vault XP
 B = Vault XP
 C = Vault XP percentage of total XP
 D = Non-vault monster count
 E = Vault monster count
 F = Vault count percentage of total count
                 A         B        C        D         E       F
            +---------+---------+-------+---------+---------+-------
      Total |     120 |      13 |   9.8 |      40 |       6 |  13.0
            +---------+---------+-------+---------+---------+-------
        D:1 |      31 |       0 |   0.0 |      18 |       0 |   0.0
        D:2 |      60 |      13 |  17.8 |      14 |       6 |  30.0
        D:3 |      29 |       0 |   0.0 |       8 |       0 |   0.0
            +---------+---------+-------+---------+---------+-------

Illustrated notes

Table legend:
 A = Kills in this place as a percentage of kills in entire the game.
 B = Kills by you in this place as a percentage of kills by you in the entire game.
 C = Kills by friends in this place as a percentage of kills by friends in the entire game.
 D = Other kills in this place as a percentage of other kills in the entire game.
 E = Experience gained in this place as a percentage of experience gained in the entire game.
 F = Experience gained in this place divided by the number of levels of this place that you have seen.
                   A       B       C       D       E      F
               +-------+-------+-------+-------+-------+----------------------
         Total | 100.0 | 100.0 |   N/A |   N/A | 100.0 |  44.3
       Dungeon | 100.0 | 100.0 |   N/A |   N/A | 100.0 |  44.3
               +-------+-------+-------+-------+-------+----------------------

Table legend: (Time is in decaauts)
 A = Elapsed time spent in this place.
 B = Non-inter-level travel time spent in this place.
 C = Inter-level travel time spent in this place.
 D = Time resting spent in this place.
 E = Time spent auto-exploring this place.
 F = Levels seen in this place.
 G = Mean time per level.
                   A        B        C        D        E       F      G
               +--------+--------+--------+--------+--------+-----+--------+
         Total |   3090 |   3023 |     67 |     60 |   2581 |   3 | 1030.0 |
       Dungeon |   3090 |   3023 |     67 |     60 |   2581 |   3 | 1030.0 |
               +--------+--------+--------+--------+--------+-----+--------+

Top non-repeatable levels by time:
     D:1: 1511 daAuts
     D:2: 1373 daAuts
     D:3: 205 daAuts
